 Dungeon Crawl Stone Soup version 0.30-a0-879-ga8ba668304 (webtiles) character file.

Game seed: 11261579031773768260

1750278 dolemite99 the Conqueror (level 27, 268/268 (273) HPs)
             Began as a Hill Orc Fighter on Mar 12, 2023.
             Was a High Priest of Ashenzari.
             Escaped with the Orb
             ... and 4 runes on Mar 13, 2023!
             The game lasted 03:11:09 (125541 turns).

dolemite99 the Conqueror (Hill Orc Fighter)       Turns: 125541, Time: 03:11:09

HP:   268/268 (273) AC: 39    Str: 30    XL:     27
MP:   42/42         EV: 20    Int: 17    God:    Ashenzari [*****.]
Gold: 4816          SH: 31    Dex: 18    Spells: 19/44 levels left

rFire   + + +      SeeInvis +    a - +9 broad axe "Jellyslayer" {freeze, rF+}
rCold   + . .      Faith    .    n - +0 tower shield of the Sibylline Seeker {Fort, Alch} (curse)
rNeg    . . .      Spirit   .    Y - +5 gold dragon scales of Curses and Power {rPois rF+ rC+, Evo, Elem} (curse)
rPois   +          Reflect  +    r - +3 hat of Pondering {ponderous, Will+ MP+10 Int+5, Elem, Melee} (curse)
rElec   +          Rampage  .    H - +1 cloak of Ashenzari's Regret {rCorr, Fort, Bglg} (curse)
rCorr   +          Clarity  +    C - +1 pair of gloves "Shattered Together" {rElec, Range, Fort} (curse)
Will    +++..                    Z - +0 pair of boots "Thunder Perfect Mind" {Melee, Fort} (curse) Stlth
                                 l - amulet of Supernal Wisdom {Reflect rF+ Regen+ SH+5, Alch, Fort} (curse)
HPRegen 1.44/turn                p - ring "Sidereal Water Diviner" {EV+5, Range, Bglg} (curse)
MPRegen 0.28/turn                X - ring "Plog" {rPois Str+5 Stlth-}

@: studying 2 skills, lightly drained, slow
A: iridescent scales 1, agile 2, deformed body, low MP 1, mutation resistance 1,
MP-powered wands
0: Orb of Zot
}: 4/15 runes: decaying, slimy, silver, gossamer
a: Renounce Religion, Curse Item, Shatter the Chains


You escaped.
You worshipped Ashenzari.
Ashenzari was extremely pleased with you.
You visited 12 branches of the dungeon, and saw 56 of its levels.
You visited 1 ziggurat, and saw 7 of its levels.
You also visited: Sewer and Ice Cave.

You collected 10961 gold pieces.
You spent 6145 gold pieces at shops.

Inventory:

Hand Weapons
 a - the +9 broad axe "Jellyslayer" (weapon) {freeze, rF+}
   (You found it on level 4 of the Lair of Beasts)

   rF:        It protects you from fire.
 b - a +8 sacred scourge of holy wrath
Missiles
 E - 4 silver boomerangs (quivered)
 K - 4 throwing nets
 M - 2 javelins
Armour
 n - the cursed +0 tower shield of the Sibylline Seeker (worn) {Fort, Alch}
   (You took it off Mennas on level 3 of the Depths)

   It has a curse which improves the following skills: Fortitude: Armour and
   Shields.
   Alchemy:   Poison Magic and Transmutations.
 r - the cursed +3 hat of Pondering (worn) {ponderous, Will+ MP+10 Int+5, Elem, Melee}
   (You found it on level 3 of the Crypt)

   Int:       It affects your intelligence (+5).
   MP:        It affects your magic capacity (+10).
   Will:      It increases your willpower.
   It has a curse which improves the following skills: Elements: Fire Magic, Ice
   Magic, Air Magic and Earth Magic.
   Melee Combat: Short Blades, Long Blades, Axes, Maces & Flails, Polearms,
   Staves and Unarmed Combat.
 C - the cursed +1 pair of gloves "Shattered Together" (worn) {rElec, Range, Fort}
   (You acquired it on level 1 of the Spider Nest)

   rElec:     It insulates you from electricity.
   It has a curse which improves the following skills: Ranged Combat: Ranged
   Weapons and Throwing.
   Fortitude: Armour and Shields.
 D - a +1 pair of boots of stealth
 H - the cursed +1 cloak of Ashenzari's Regret (worn) {rCorr, Fort, Bglg}
   (You bought it in a shop on level 9 of the Dungeon)

   It has a curse which improves the following skills: Fortitude: Armour and
   Shields.
   Beguiling: Conjurations, Hexes and Translocations.
 Y - the cursed +5 gold dragon scales of Curses and Power (worn) {rPois rF+ rC+, Evo, Elem}
   (You found it on level 4 of the Depths)

   rF:        It protects you from fire.
   rC:        It protects you from cold.
   rPois:     It protects you from poison.
   It has a curse which improves the following skills: Evocations: Evocations.
   Elements:  Fire Magic, Ice Magic, Air Magic and Earth Magic.
 Z - the cursed +0 pair of boots "Thunder Perfect Mind" (worn) {Melee, Fort}
   (You found it on level 13 of the Dungeon)

   It has a curse which improves the following skills: Melee Combat: Short
   Blades, Long Blades, Axes, Maces & Flails, Polearms, Staves and Unarmed
   Combat.
   Fortitude: Armour and Shields.
Jewellery
 g - a ring of protection from fire
 l - the cursed amulet of Supernal Wisdom (around neck) {Reflect rF+ Regen+ SH+5, Alch, Fort}
   (You took it off an ancient champion on level 3 of the Crypt)

   [amulet of reflection]

   It reflects blocked missile attacks.
   rF:        It protects you from fire.
   Regen:     It increases your rate of health regeneration.
   SH:        It affects your SH (+5).
   It has a curse which improves the following skills: Alchemy: Poison Magic and
   Transmutations.
   Fortitude: Armour and Shields.
 o - a ring of willpower
 p - the cursed ring "Sidereal Water Diviner" (left hand) {EV+5, Range, Bglg}
   (You took it off a hobgoblin on level 2 of the Dungeon)

   [ring of evasion]

   EV:        It affects your evasion (+5).
   It has a curse which improves the following skills: Ranged Combat: Ranged
   Weapons and Throwing.
   Beguiling: Conjurations, Hexes and Translocations.
 t - the ring "Wamotid" {rC+ Dex+3}
   (You found it in an ice cave)

   [ring of protection from cold]

   Dex:       It affects your dexterity (+3).
   rC:        It protects you from cold.
 v - the ring "Rigeb" {Int+6 Dex+10}
   (You took it off a hell knight on level 3 of the Depths)

   [ring of intelligence]

   Int:       It affects your intelligence (+6).
   Dex:       It affects your dexterity (+10).
 w - a ring of positive energy
 x - a ring of wizardry
 O - a +4 ring of protection
 X - the ring "Plog" (right hand) {rPois Str+5 Stlth-}
   (You bought it in a shop on level 2 of the Orcish Mines)

   [ring of poison resistance]

   Str:       It affects your strength (+5).
   rPois:     It protects you from poison.
   Stlth:     It makes you less stealthy.
Wands
 L - a wand of roots (9)
 P - a wand of charming (27)
 U - a wand of digging (32)
Scrolls
 j - 9 scrolls of silence
 k - 4 scrolls of teleportation
 u - 13 scrolls of vulnerability
 z - 4 scrolls of magic mapping
 B - 12 scrolls of fog
 N - 12 scrolls of immolation
 S - 6 scrolls of poison
 T - 7 scrolls of fear
Potions
 c - 5 potions of ambrosia
 e - 6 potions of berserk rage
 i - 5 potions of cancellation
 m - 7 potions of curing
 q - 12 potions of brilliance
 s - 6 potions of flight
 Q - a potion of resistance
 V - a potion of invisibility
 W - 3 potions of mutation
Miscellaneous
 f - a tin of tremorstones (2/2)
 h - a condenser vane
 y - a lightning rod (4/4)
 A - a phantom mirror
 J - a box of beasts
 R - a phial of floods


   Skills:
 O Level 27 Fighting
 - Level 18.3(21.5) Axes
 - Level 9.8(13.2) Throwing
 O Level 27 Armour
 - Level 14.4 Dodging
 - Level 21.0(27) Shields
 + Level 9.1 Spellcasting
 - Level 5.3(8.7) Hexes
 - Level 12.3 Necromancy
 - Level 8.4(11.9) Translocations
 - Level 10.5(14.0) Transmutations
 - Level 8.8(12.3) Earth Magic
 - Level 16.0(18.2) Evocations


You had 19 spell levels left.
You knew the following spells:

 Your Spells              Type           Power      Damage    Failure   Level
a - Blink                 Tloc           96%        N/A       1%          2
b - Wereblood             Tmut           53%        N/A       1%          2
c - Anguish               Hex/Necr       21%        N/A       6%          4
d - Passage of Golubria   Tloc           48%        N/A       3%          4
e - Apportation           Tloc           96%        N/A       1%          1
f - Passwall              Tmut/Erth      42%        N/A       1%          2
g - Lesser Beckoning      Tloc           96%        N/A       1%          2
h - Dispel Undead         Necr           49%        3d18      3%          4
z - Animate Dead          Necr           49%        N/A       3%          4

Your spell library contained the following spells:

 Spells                   Type           Power      Damage    Failure   Level
 Necrotise                Necr           100%       1d9       1%          1
 Sublimation of Blood     Necr           49%        N/A       1%          2
 Gell's Gravitas          Tloc           48%        N/A       1%          3
 Portal Projectile        Hex/Tloc       84%        N/A       1%          3
 Teleport Other           Tloc           48%        N/A       1%          3
 Sting                    Tmut/Pois      100%       1d8       2%          1
 Petrify                  Tmut/Erth      51%        N/A       2%          4
 Kiss of Death            Conj/Necr      100%       2d13      3%          1
 Manifold Assault         Tloc           48%        N/A       3%          4
 Confusing Touch          Hex            37%        N/A       4%          3
 Tukima's Dance           Hex            37%        N/A       4%          3
 Blade Hands              Tmut           26%        N/A       4%          5
 Momentum Strike          Conj/Tloc      56%        3d9       6%          2
 Leda's Liquefaction      Hex/Erth       21%        N/A       6%          4
 Spider Form              Tmut/Pois      32%        N/A       8%          3
 Agony                    Necr           49%        N/A       9%          5
 Borgnjor's Vile Clutch   Necr/Erth      24%        N/A       9%          5
 Lee's Rapid Deconstruct  Erth           24%        3d13*     9%          5
 Ensorcelled Hibernation  Hex/Ice        46%        N/A       11%         2
 Stone Arrow              Conj/Erth      58%        3d10      11%         3
 Cigotuvi's Dreadful Rot  Necr/Pois/Air  44%        N/A       12%         2
 Vhi's Electric Charge    Tloc/Air       56%        N/A       12%         3
 Yara's Violent Unravell  Hex/Tmut       23%        3d10      12%         5
 Cause Fear               Hex            18%        N/A       13%         4
 Dazzling Flash           Conj/Hex       46%        N/A       22%         3
 Inner Flame              Hex/Fire       23%        N/A       22%         3
 Summon Guardian Golem    Hex/Summ       22%        N/A       24%         3
 Ice Form                 Ice/Tmut       32%        N/A       24%         4
 Kindle Blastsparks       Fire/Tloc/Air  44%        2d13      26%         3
 Statue Form              Tmut/Erth      34%        N/A       32%         6
 Foxfire                  Conj/Fire      36%        2x1d5     36%         1
 Shock                    Conj/Air       36%        1d5       36%         1
 Animate Armour           Summ/Erth      56%        N/A       36%         4
 Iskenderun's Mystic Bla  Conj/Tloc      28%        2d7       36%         4
 Summon Small Mammal      Summ           28%        N/A       43%         1
 Death Channel            Necr           24%        N/A       43%         6
 Dispersal                Tloc           24%        N/A       50%         6
 Poisonous Vapours        Pois/Air       18%        N/A       52%         2
 Static Discharge         Conj/Air       18%        2-3/arc   52%         2
 Alistair's Intoxication  Tmut/Pois      21%        N/A       56%         5
 Irradiate                Conj/Tmut      16%        3d17      56%         5
 Call Imp                 Summ           7%         N/A       58%         2
 Fulminant Prism          Conj/Hex       11%        3d9       58%         4
 Hailstorm                Conj/Ice       9%         3d4       75%         3
 Mephitic Cloud           Conj/Pois/Air  9%         N/A       75%         3
 Ozocubu's Armour         Ice            9%         N/A       75%         3
 Swiftness                Air            9%         N/A       75%         3
 Summon Forest            Summ/Tloc      14%        N/A       75%         5
 Call Canine Familiar     Summ           7%         N/A       82%         3
 Metabolic Englaciation   Hex/Ice        11%        N/A       90%         5
 Silence                  Hex/Air        11%        N/A       90%         5
 Summon Mana Viper        Hex/Summ       22%        N/A       92%         5
 Flame Wave               Conj/Fire      9%         2d6       98%         4
 Olgreb's Toxic Radiance  Pois           9%         N/A       98%         4
 Sticky Flame             Conj/Fire      9%         2d3       98%         4
 Eringya's Noxious Bog    Tmut/Pois      16%        N/A       98%         6
 Summon Ice Beast         Ice/Summ       8%         N/A       99%         4
 Summon Lightning Spire   Summ/Air       8%         N/A       99%         4
 Iron Shot                Conj/Erth      14%        9d4       99%         6
 Simulacrum               Ice/Necr       14%        N/A       99%         6
 Arcjolt                  Conj/Air       4%         1d14      100%        5
 Fireball                 Conj/Fire      4%         3d4       100%        5
 Lightning Bolt           Conj/Air       4%         1d16      100%        5
 Starburst                Conj/Fire      4%         6d4       100%        6
 Summon Cactus Giant      Summ           3%         N/A       100%        6
 Enfeeble                 Hex            18%        N/A       100%        7
 Malign Gateway           Summ/Tloc      14%        N/A       100%        7
 Monstrous Menagerie      Summ           3%         N/A       100%        7
 Ozocubu's Refrigeration  Ice            4%         4d8       100%        7
 Storm Form               Tmut/Air       16%        N/A       100%        7
 Summon Hydra             Summ           3%         N/A       100%        7
 Discord                  Hex            18%        N/A       100%        8
 Disjunction              Tloc           24%        N/A       100%        8
 Lehudib's Crystal Spear  Conj/Erth      14%        10d5      100%        8
 Maxwell's Capacitive Co  Air            4%         ∞         100%        8
 Necromutation            Tmut/Necr      25%        N/A       100%        8
 Summon Horrible Things   Summ           3%         N/A       100%        8
 Chain Lightning          Conj/Air       4%         3d6       100%        9
 Dragon's Call            Summ           3%         N/A       100%        9


Dungeon Overview and Level Annotations

Branches:
Dungeon (15/15)            Temple (1/1) D:6            Lair (5/5) D:10
  Swamp (4/4) Lair:3       Spider (4/4) Lair:2        Slime (5/5) Lair:5
    Orc (2/2) D:12            Elf (3/3) Orc:2        Vaults (5/5) D:14
  Crypt (3/3) Vaults:2       Tomb (0/3) Crypt:3      Depths (4/4) D:15
    Zot (5/5) Depths:4      Sewer (visited)           IceCv (visited)

Altars:
Ashenzari
Cheibriados
Dithmenos
Elyvilon
Fedhas
Kikubaaqudgha
Makhleb
Nemelex Xobeh
Okawaru
Qazlal
Sif Muna
Trog
Uskayaw
Vehumet
Wu Jian
Xom
Yredelemnul
Zin
The Shining One
Beogh
Jiyva

Shops:
D:3 *   D:9 [[   D:10 *   D:11 ?   Orc:2 [(*=   Elf:1 [   Elf:2 [   Elf:3 [
Vaults:2 [   Vaults:3 (   Vaults:5 !   Depths:3 *   Depths:4 ?

Portals:
Hell: Depths:1 Depths:2 Depths:3 Depths:4
Abyss: Depths:3 Depths:4
Pandemonium: Depths:1 Depths:2 Depths:4
Trove: Vaults:2 (give +6 demon trident)

Annotations:
Swamp:2 exclusion: downstairs
Swamp:4 exclusion: 3 oklob plants
Elf:2 3 runed translucent doors
Vaults:2 8 runed translucent doors, Inath's ghost, adept OpTm
Vaults:4 Saint Roka
Zot:5 36 runed doors


Innate Abilities, Weirdness & Mutations

You are partially covered in iridescent scales. (AC +2)
You are very agile. (Dex +8, Str/Int -2)
Armour fits poorly on your strangely shaped body.
Your magical capacity is low. (-10% MP)
You are somewhat resistant to further mutation.
You expend magic power (3 MP) to strengthen your wands.


Message History

You slice the angel!! You freeze the angel.
You kill the angel!
Things that are here:
a +3 whip of holy wrath; a +0 robe
There is a stone staircase leading up here.
You climb upwards.
There is a stone staircase leading down here.
You see here a +0 leather armour.
A green death comes into view.
Unknown command.
Aiming: Dig
Press: ? - help, Shift-Dir - straight line, f - you Please select a direction to dig.
This square is covered in magical glow.
Okay, then.
Aiming: Dig
Press: ? - help, Shift-Dir - straight line A rock wall.
This square is covered in magical glow.
You feel a surge of power!
The rock shatters into small pieces.
The green death gestures at you.
The poison arrow reflects off an invisible shield around you!
The poison arrow hits the green death.
The green death partially resists.
The green death is poisoned.
Okay, then.
Unknown command.
Okay, then.
Aiming: Dig
Press: ? - help, Shift-Dir - straight line A rock wall.
This square is covered in magical glow.
You feel a surge of power!
The rock shatters into small pieces.
The green death gestures at you. The blast of poison engulfs you. You resist.
A green death comes into view.
The green death gestures at you.
The green death looks more healthy.
You block the green death's attack.
There is a staircase leading out of the dungeon here.
You block the green death's attack.
You have escaped!

....######.........#########.####
....# ########### #..... ....#
###... ##### ######## #[##
##......## #[.# ####
#.....(..#### ##.. ...#
##...##......#####. ...#
#..2.##.......#.##. ...#######
#.@.###.........##. .........#
#.○°.###........##. #........#
##.#☼°# ##.......##. #........#
#.##.## #......###. #........#
####2○## ##...#..##. .........#
#.°○°# #....#.##. .........#
##..#°# #...###.#. .........#
#...#.# ##...####. #........#
##.#.#######...#.#.


You could see 2 green deaths.

Vanquished Creatures
  the Royal Jelly (Slime:5)
  4 ancient liches
  A pandemonium lord (Depths:1)
  8 dread liches
  6 orbs of fire
  Mara (Vaults:2)
  A royal mummy (Crypt:3)
  Josephina (Depths:4)
  A juggernaut (Depths:4)
  Sojobo (Depths:2)
  Margery (Vaults:4)
  Boris (Crypt:3)
  4 Killer Klowns
  2 caustic shrikes
  3 curse toes
  Xtahua (Vaults:2)
  the Enchantress (Depths:2)
  8 golden dragons
  A profane servitor (Depths:4)
  A Tzitzimitl (D:4)
  A bone dragon (Vaults:2)
  Arachne (Spider:3)
  An Ice Fiend (Depths:2)
  A Brimstone Fiend (Depths:1)
  Zenata (Vaults:4)
  2 electric golems (Zot:5)
  A Hell Sentinel (Depths:4)
  13 tentacled monstrosities
  3 liches
  A walking earthen tome (Depths:2)
  3 deep elf master archers
  25 Orb Guardians (Zot:5)
  22 acid blobs
  2 deep elf blademasters (Elf:3)
  10 quicksilver dragons
  3 walking divine tomes (Depths:3)
  3 titans (Vaults:5)
  6 sphinxes
  An Executioner (Elf:1)
  10 ancient champions
  Agnes (D:14)
  8 death cobs
  A sphinx (shapeshifter) (Vaults:5)
  Frances (D:14)
  7 tengu reavers
  5 revenants
  19 storm dragons
  10 shadow dragons
  Roxanne (Spider:3)
  4 draconian knights
  A fenstrider witch (Swamp:3)
  8 azure jellies
  6 draconian monks
  15 rockslimes
  Donald (Orc:2)
  15 frost giants
  5 emperor scorpions
  8 deep elf sorcerers
  6 fire giants
  7 ghost moths
  An iron dragon (Vaults:5)
  Louise (Depths:3)
  5 spectral caustic shrikes (Depths:1)
  A balrug (Depths:2)
  17 vault wardens
  2 spriggan defenders
  8 draconian scorchers
  An angel (D:2)
  5 ghouls
  A reaper (D:4)
  2 orc warlords
  5 draconian shifters
  25 ironbound preservers
  A curse skull (Crypt:1)
  A cacodemon (Depths:1)
  3 draconian stormcallers
  7 quicksilver oozes
  12 draconian annihilators
  3 deep elf elementalists (Elf:3)
  2 hydra skeletons
  16 very ugly things
  3 broodmothers
  2 war gargoyles
  8 ironbound thunderhulks
  24 stone giants
  5 deep elf demonologists
  6 eleionomae
  13 green draconians
  13 vampire knights
  19 purple draconians
  2 bunyips
  10 black draconians
  14 red draconians
  15 white draconians
  8 dire elephants
  11 deep elf annihilators
  7 yellow draconians
  13 spark wasps
  The ghost of Icosk the Cleaver, a journeyman MeRe of Okawaru (Lair:4)
  Snorg (D:13)
  14 deep elf death magi
  5 eidola
  3 crystal guardians (Vaults:4)
  13 ettins
  2 mummy priests
  11 jiangshi
  The ghost of mandoloar the Thaumaturge, a journeyman GnEE of Vehumet (Lair:1)
  4 elf zombies
  2 entropy weavers
  20 yaktaur captains
  3 deep elf high priests
  19 fire dragons
  A shambling mangrove (Swamp:4)
  3 spriggan zombies
  6 spriggan air magi
  9 great orbs of eyes
  6 ice dragons
  2 hell beasts (Depths:3)
  5 catoblepae
  A great orb of eyes (shapeshifter) (Vaults:3)
  5 rakshasas
  41 vault guards
  Harold (Lair:1)
  23 hydras
  A quicksilver dragon skeleton (Crypt:2)
  2 jorogumos (Spider:4)
  2 salamander tyrants (Zig:5)
  3 ogre magi
  2 death knights
  3 ghost crabs
  3 peacekeepers (Vaults:4)
  6 two-headed ogres
  6 boulder beetles
  7 death yaks
  23 centaur warriors
  The ghost of patfeehan111222 the Basher, a novice MiBe of Trog (D:8)
  19 ironbound frosthearts
  4 alligators
  A two-headed ogre (shapeshifter) (Vaults:5)
  A radroach (Spider:2)
  A death scarab (Zig:3)
  4 tengu warriors
  2 spriggan skeletons (Crypt:2)
  3 anacondas
  10 deep troll shamans
  12 deep troll earth magi
  20 dancing weapons
  14 vampire magi
  Urug (Orc:2)
  A quicksilver ooze zombie (Crypt:3)
  10 sun demons
  5 orc high priests
  4 spriggan berserkers
  A naga sharpshooter (Zig:5)
  A skyshark (Lair:2)
  4 hell knights
  2 soul eaters
  3 shadow wraiths (Crypt:3)
  A titan skeleton (Crypt:3)
  10 deep elf knights
  2 salamander mystics
  A sixfirhy (Depths:1)
  4 iron trolls
  21 skeletal warriors
  A bunyip zombie (Crypt:3)
  8 pharaoh ants
  5 goliath frogs
  An anaconda zombie (Crypt:3)
  4 spriggan druids
  Amaemon (D:7)
  8 swamp dragons
  A storm dragon skeleton (Crypt:1)
  67 deep trolls
  3 glowing orange brains
  8 flayed ghosts
  8 orb spiders
  19 ironbound convokers
  7 orc knights
  A shadow dragon zombie (Crypt:1)
  A bunyip skeleton (Crypt:1)
  2 spectral hydras (Swamp:4)
  2 iron giant skeletons
  4 lindwurms
  9 necromancers
  7 steelbarb worms
  10 wizards
  17 deep elf archers
  6 bog bodies
  An orange crystal statue (Zig:7)
  16 phantasmal warriors
  19 deep elf pyromancers
  18 deep elf zephyrmancers
  A harpy (shapeshifter) (D:13)
  A fenstrider witch simulacrum (Crypt:2)
  5 orc sorcerers
  30 ugly things
  8 will-o-the-wisps
  8 shining eyes
  11 wolf spiders
  12 cyclopes
  6 salamanders
  19 vault sentinels
  32 moths of wrath
  A guardian serpent (Zig:5)
  A stone giant skeleton (Depths:1)
  11 manticores
  A dire elephant zombie (Crypt:2)
  A naga zombie (Crypt:1)
  8 black mambas
  7 elephants
  A moth of wrath (shapeshifter) (Vaults:5)
  A frost giant skeleton (Depths:1)
  A water nymph (Zig:2)
  3 eyes of devastation
  13 demonic crawlers
  A titan simulacrum (Depths:4)
  2 smoke demons (Depths:2)
  4 gargoyles
  6 torpor snails
  Psyche (D:11)
  2 unseen horrors (D:10)
  12 cane toads
  A kobold demonologist (D:13)
  2 unseen horror zombies (D:10)
  2 rime drakes
  8 orange demons
  10 freezing wraiths
  8 komodo dragons
  A grey draconian zombie (Crypt:1)
  An efreet (D:15)
  A red draconian skeleton (Crypt:1)
  18 yaktaurs
  A catoblepas skeleton (Crypt:3)
  A death yak skeleton (Crypt:1)
  9 guardian mummies
  An ice devil (Depths:2)
  4 tengu conjurers
  A hydra zombie (Crypt:1)
  5 death drake zombies (Swamp:4)
  A queen bee (Lair:4)
  20 polar bears
  2 merfolk (Zig:2)
  7 trolls
  A meliai (shapeshifter) (D:13)
  2 red devils (D:10)
  A harpy skeleton (Crypt:2)
  8 tyrant leeches
  A blink frog (shapeshifter) (D:14)
  6 hornets
  4 meliai
  A wind drake (Vaults:1)
  An ettin zombie (Crypt:2)
  A fire dragon zombie (Crypt:1)
  3 blink frogs (Lair:5)
  An iron troll skeleton (Crypt:1)
  3 dream sheep
  A fire giant simulacrum (Depths:1)
  An iron dragon simulacrum (Depths:4)
  5 raiju (Lair:5)
  17 tarantellas
  A flying skull (Zig:3)
  An air elemental (Elf:2)
  14 jumping spiders
  19 culicivoras
  69 slime creatures
  14 spriggans
  A spriggan (shapeshifter) (D:13)
  2 naga simulacra
  A shadow (D:11)
  4 water elementals
  60 yaks
  8 vampires
  8 wyverns
  A black mamba skeleton (Crypt:3)
  6 humans (D:14)
  A fire bat (shapeshifter) (Elf:1)
  2 neqoxecs
  Grum (Lair:1)
  10 wraiths
  A fire bat (Lair:1)
  7 fire elementals
  11 basilisks
  A human (shapeshifter) (D:13)
  7 golden eyes
  44 redbacks
  2 steam dragons
  21 vampire mosquitoes
  10 wargs
  A merfolk zombie (Crypt:2)
  16 swamp worms
  2 hydra simulacra (Swamp:4)
  5 acid dragons
  10 hell hounds (Lair:5)
  27 water moccasins
  2 floating eyes (Zot:4)
  A naga skeleton (Crypt:1)
  6 swamp drakes
  31 orc warriors
  An ice beast (D:7)
  A dream sheep zombie (Crypt:1)
  10 ogres
  A sky beast (D:5)
  A black mamba simulacrum (Crypt:1)
  13 black bears
  3 swamp dragon zombies
  5 centaurs
  58 wolves
  2 kobold brigands
  A demonspawn simulacrum (Crypt:2)
  7 bullfrogs
  5 necrophages
  A gnoll sergeant (D:12)
  2 komodo dragon skeletons (Crypt:3)
  6 scorpions
  2 glowing shapeshifter simulacra (Depths:4)
  9 earth elementals
  A warg zombie (Crypt:3)
  8 wights
  17 killer bees
  2 raiju zombies (Crypt:3)
  8 electric eels
  6 howler monkeys
  A wolf zombie (Crypt:2)
  4 crimson imps (D:5)
  9 centaur zombies
  4 human zombies (Crypt:1)
  2 hounds
  3 jellies
  15 orc priests
  3 human skeletons (Crypt:1)
  A gnoll bouda (D:4)
  An iguana (D:6)
  22 orc wizards
  A sleepcap (D:6)
  8 hell rats
  A tengu skeleton (Crypt:3)
  3 mummies
  A howler monkey zombie (D:10)
  34 adders
  17 gnolls
  3 river rats
  A shadow imp (D:6)
  2 white imps
  An ufetubus (D:5)
  An adder zombie (Crypt:2)
  A jelly zombie (Crypt:3)
  A worm (D:2)
  A dart slug (D:3)
  92 orcs
  17 ball pythons
  A bat skeleton (Crypt:2)
  5 endoplasms
  7 giant cockroaches
  10 goblins
  13 hobgoblins
  9 jackals
  4 quokkas
  4 bats
  A dart slug zombie (Crypt:3)
  6 frilled lizards
  A hobgoblin skeleton (Crypt:1)
  15 kobolds
  A kobold skeleton (Crypt:2)
  An orc zombie (Crypt:2)
  23 rats
2576 creatures vanquished.

Vanquished Creatures (collateral kills)
  Mennas (Depths:3)
  Vv (Zot:4)
  2 golden dragons
  A profane servitor (Crypt:3)
  Jory (Vaults:4)
  2 tentacled monstrosities
  An acid blob (Slime:5)
  A death cob (Zot:1)
  An azure jelly (Slime:5)
  2 storm dragons
  A shadow dragon (Vaults:5)
  Aizul (Swamp:1)
  A draconian shifter (Zot:5)
  A deep elf sorcerer (Vaults:5)
  2 spriggan defenders (Depths:2)
  An ironbound preserver (Vaults:4)
  A stone giant (Vaults:5)
  A deep elf demonologist (Elf:3)
  A black draconian (Depths:4)
  2 purple draconians
  A dire elephant (Vaults:4)
  A spark wasp (Depths:3)
  4 yellow draconians
  A deep elf death mage (Elf:3)
  An ettin (Vaults:4)
  A jiangshi (Crypt:1)
  A rakshasa (Depths:3)
  2 spriggan air magi (Depths:2)
  A two-headed ogre (D:15)
  A deep troll shaman (Depths:3)
  A spriggan berserker (Depths:2)
  2 skeletal warriors
  An iron troll (Depths:3)
  A goliath frog (Swamp:3)
  6 deep trolls
  A phantasmal warrior (Vaults:5)
  A spriggan druid (Swamp:3)
  A deep elf pyromancer (Zig:6)
  An ironbound convoker (Vaults:5)
  2 ugly things (D:15)
  5 moths of wrath
  A black mamba (Zig:5)
  3 vault sentinels
  A yaktaur (shapeshifter) (Vaults:5)
  A freezing wraith (D:13)
  2 death drake zombies (Swamp:4)
  A tyrant leech (Swamp:3)
  A snapping turtle (shapeshifter) (Depths:3)
  A slime creature (Vaults:4)
  A spriggan (Depths:2)
  A naga (Zig:5)
  A vampire mosquito (Swamp:4)
  2 hydra simulacra (Swamp:4)
  An ice beast (shapeshifter) (Vaults:5)
78 creatures vanquished.

Vanquished Creatures (others)
  A draconian monk (Zot:4)
  A red draconian (Zot:5)
  An alligator (Lair:1)
  A titan zombie (Vaults:5)
  A storm dragon zombie (Zot:3)
  A shadow wraith (Crypt:3)
  An orb spider (Spider:4)
  A shadow dragon zombie (Vaults:5)
  A spriggan simulacrum (Depths:4)
  A swamp dragon (Swamp:4)
  5 draconian zombies
  A vault sentinel (Vaults:4)
  A white draconian zombie (Zot:3)
  A yaktaur zombie (Vaults:5)
  A death drake zombie (Swamp:4)
  A tyrant leech (Swamp:4)
  2 moth of wrath zombies (Zot:4)
  A deep troll zombie (Vaults:5)
  3 humans (D:14)
  A golden eye (Slime:1)
  A warg (Vaults:4)
  6 human zombies (Vaults:5)
  An orc priest (Vaults:4)
  3 orcs
  5 briar patches (Swamp:4)
  27 foxfires
  35 fungi
  68 plants
  11 toadstools (Lair:2)
184 creatures vanquished.

Grand Total: 2838 creatures vanquished

Notes
Turn   | Place    | Note
-------+----------+-------------------------------------------
     0 | D:1      | dolemite99 the Hill Orc Fighter began the quest for the
                  | Orb.
     0 | D:1      | Reached XP level 1. HP: 19/19 MP: 1/1
   202 | D:1      | Reached XP level 2. HP: 26/26 MP: 2/2
   441 | D:1      | Reached XP level 3. HP: 18/31 MP: 3/3
   544 | D:1      | Reached skill level 5 in Axes
   967 | D:2      | Reached XP level 4. HP: 39/39 MP: 4/4
  1215 | D:2      | Found an iron altar of Okawaru.
  1838 | D:3      | Found Pyig's Assorted Antiques.
  2189 | D:3      | Reached XP level 5. HP: 45/45 MP: 5/5
  3446 | D:4      | Found a shimmering blue altar of Sif Muna.
  3468 | D:4      | Reached XP level 6. HP: 37/51 MP: 6/6
  3852 | D:4      | Found a shadowy altar of Dithmenos.
  3876 | D:3      | Bought a broad axe for 128 gold pieces
  3901 | D:4      | Found a white marble altar of Elyvilon.
  4128 | D:5      | Entered Level 5 of the Dungeon
  4695 | D:5      | Noticed a wyvern
  4700 | D:5      | Killed a wyvern
  4701 | D:5      | Reached XP level 7. HP: 57/57 MP: 7/7
  4708 | D:5      | Reached skill level 10 in Axes
  4878 | D:5      | Found a shimmering altar of Xom.
  5144 | D:3      | Bought a scroll labelled IGA YGAOZIUSS for 32 gold pieces
  5316 | D:5      | Reached XP level 8. HP: 64/64 MP: 8/8
  5610 | D:6      | Found a radiant altar of Vehumet.
  5775 | D:6      | Found a glowing drain.
  5799 | Sewer    | Entered a sewer
  6644 | D:6      | Found a staircase to the Ecumenical Temple.
  6668 | Temple   | Entered the Ecumenical Temple
  6824 | Temple   | Became a worshipper of Ashenzari the Shackled
  6858 | D:6      | Reached XP level 9. HP: 70/70 MP: 9/9
  7329 | D:6      | Reached skill level 5 in Fighting
  7538 | D:7      | Found a stormy altar of Qazlal.
  8991 | D:8      | Noticed Amaemon
  8993 | D:8      | Noticed an orange demon
  9023 | D:7      | Killed Amaemon
  9653 | D:8      | Reached * piety under Ashenzari
 10153 | D:8      | Found a runed translucent door.
 10154 | D:8      | Noticed a centaur warrior
 10156 | D:8      | Noticed patfeehan111222's ghost (novice MiBe)
 10167 | D:8      | Reached XP level 10. HP: 85/86 MP: 10/10
 10464 | D:8      | Killed an orange demon
 11050 | D:8      | Reached ** piety under Ashenzari
 11570 | D:10     | Entered Level 10 of the Dungeon
 11599 | D:10     | Reached skill level 1 in Evocations
 11852 | D:9      | Found a snail-covered altar of Cheibriados.
 12127 | D:9      | Found Cusigy's Armour Boutique.
 12447 | D:9      | Reached skill level 5 in Evocations
 12512 | D:9      | Noticed a skeletal warrior
 12780 | D:10     | Noticed an orange demon
 12785 | D:10     | Noticed an orange demon
 12786 | D:10     | Noticed an orange demon
 12806 | D:9      | Killed an orange demon
 13344 | D:9      | Found a bloodstained altar of Trog.
 13383 | D:9      | Found Citos's Antique Armour Boutique.
 13417 | D:10     | Noticed a two-headed ogre
 13422 | D:10     | Killed a two-headed ogre
 13423 | D:10     | Reached skill level 10 in Fighting
 13423 | D:10     | Reached XP level 11. HP: 74/101 MP: 11/11
 14357 | D:10     | Found Fen Xyty's Assorted Antiques.
 14631 | D:10     | Found a staircase to the Lair.
 15197 | D:10     | Found a basalt altar of Yredelemnul.
 15436 | D:11     | Noticed a two-headed ogre
 15441 | D:11     | Killed a two-headed ogre
 15549 | D:9      | Bought a +1 plate armour of cold resistance for 455 gold
                  | pieces
 15663 | Lair:1   | Entered Level 1 of the Lair of Beasts
 15663 | Lair:1   | Identified a scroll of acquirement
 15663 | Lair:1   | Identified the +6 quarterstaff "Saorr" {speed, rN++ Str-2
                  | SInv}
 15694 | Lair:1   | Reached XP level 12. HP: 102/122 MP: 12/12
 15713 | Lair:1   | Acquired 1225 gold pieces
 15851 | D:10     | Bought a clear potion for 20 gold pieces
 15851 | D:10     | Bought a phial of floods for 920 gold pieces
 15851 | D:10     | Bought a wand of roots (4) for 220 gold pieces
 16118 | Lair:1   | Noticed Sonja
 16122 | Lair:1   | Sonja changed into Sonja the fire bat
 16122 | Lair:1   | Noticed Sonja
 16123 | Lair:1   | Killed Sonja the fire bat
 16157 | Lair:1   | Noticed Grum
 16182 | Lair:1   | Killed Grum
 16210 | Lair:1   | Noticed Harold
 16227 | Lair:1   | Killed Harold
 16418 | Lair:1   | Found a runed translucent gate.
 16418 | Lair:1   | Found a runed translucent gate.
 16418 | Lair:1   | Found a runed translucent gate.
 16420 | Lair:1   | Noticed mandoloar's ghost (journeyman GnEE)
 16511 | Lair:1   | Reached skill level 10 in Armour
 16858 | Lair:1   | Noticed an anaconda
 16866 | Lair:1   | Killed an anaconda
 16993 | Lair:1   | Noticed a four-headed hydra
 17006 | Lair:1   | Killed a four-headed hydra
 17259 | Lair:1   | Noticed an anaconda
 17259 | Lair:1   | Noticed an alligator
 17259 | Lair:1   | Noticed a death yak
 17279 | Lair:1   | Killed an anaconda
 17325 | Lair:1   | Killed a death yak
 17609 | Lair:2   | Found a frozen archway.
 17639 | Lair:2   | Noticed a catoblepas
 17666 | Lair:2   | Killed a catoblepas
 17667 | Lair:2   | Reached XP level 13. HP: 87/128 MP: 13/13
 17719 | IceCv    | Entered an ice cave
 18800 | IceCv    | Reached skill level 15 in Axes
 18932 | IceCv    | Noticed a frost giant
 18958 | IceCv    | Identified the ring "Wamotid" {rC+ Dex+3}
 19182 | IceCv    | Killed a frost giant
 19668 | D:9      | Bought a +1 cloak of preservation for 214 gold pieces
 19675 | D:9      | Reached *** piety under Ashenzari
 19849 | D:9      | Found the +5 scythe "Finisher" {speed, eviscerate}
 19940 | D:8      | Killed patfeehan111222's ghost
 20133 | Lair:2   | Found a hole to the Spider Nest.
 20729 | Lair:2   | Reached XP level 14. HP: 137/137 MP: 14/14
 21084 | Lair:2   | Identified the +3 scale mail "Viokkit" {Will+ Str-5 Slay+3
                  | SInv}
 21106 | Lair:2   | Found a runed translucent door.
 21655 | Lair:3   | Reached skill level 1 in Throwing
 22403 | Lair:3   | Found a staircase to the Swamp.
 22893 | Lair:4   | Identified the +9 broad axe "Jellyslayer" {freeze, rF+}
 23172 | Lair:4   | Found a transporter.
 23172 | Lair:4   | Found a transporter.
 23174 | Lair:4   | Noticed Icosk's ghost (journeyman MeRe)
 23396 | Lair:4   | Reached skill level 5 in Shields
 23711 | Lair:4   | Found a shimmering altar of Xom.
 23981 | Lair:5   | Entered Level 5 of the Lair of Beasts
 23984 | Lair:5   | Found a viscous altar of Jiyva.
 23990 | Lair:5   | Found a staircase to the Slime Pits.
 24000 | Lair:5   | Found a gate leading to a gauntlet.
 24185 | Lair:5   | Reached skill level 5 in Throwing
 24953 | Lair:5   | Identified the +1 plate armour of Beogh's Pride {+Blink
                  | rN+++ Str+3 Int-4}
 25017 | Lair:5   | Identified the +4 glaive of the Uplifting Penguin {drain,
                  | Will+ Dex+4}
 25215 | Lair:5   | Reached XP level 15. HP: 120/143 MP: 15/15
 25287 | Lair:5   | Learned a level 2 spell: Blink
 25292 | Lair:5   | Learned a level 2 spell: Passwall
 26425 | D:11     | Found Ucistre's Magic Scroll Boutique.
 26443 | D:11     | Bought a scroll of magic mapping for 120 gold pieces
 26443 | D:11     | Bought a scroll of blinking for 120 gold pieces
 26443 | D:11     | Bought a scroll of teleportation for 48 gold pieces
 26443 | D:11     | Bought a scroll of fear for 64 gold pieces
 26443 | D:11     | Bought a scroll of vulnerability for 64 gold pieces
 26614 | D:3      | Bought a potion of curing for 96 gold pieces
 26891 | D:12     | Reached skill level 10 in Evocations
 27034 | D:12     | Noticed Nessos
 27039 | D:12     | Nessos changed into Nessos the manticore
 27039 | D:12     | Noticed Nessos
 27053 | D:12     | Killed Nessos the manticore
 27481 | D:11     | Noticed Psyche
 27487 | D:11     | Killed Psyche
 29046 | D:12     | Found a staircase to the Orcish Mines.
 29534 | D:9      | Bought a scorched helmet for 209 gold pieces
 29534 | D:9      | Identified the +2 helmet "Zuhu" {Rampage Str-2 Stlth+} (You
                  | bought it in a shop on level 9 of the Dungeon)
 29676 | Orc:1    | Entered Level 1 of the Orcish Mines
 29746 | Orc:1    | Paralysed by an orc sorcerer for 3 turns
 30012 | Orc:2    | Entered Level 2 of the Orcish Mines
 30069 | Orc:2    | Noticed Donald
 30084 | Orc:2    | Killed Donald
 31623 | Orc:2    | Noticed Urug
 31638 | Orc:2    | Killed Urug
 31715 | Orc:2    | Noticed an orc warlord
 31732 | Orc:2    | Killed an orc warlord
 31808 | Orc:2    | Found a roughly hewn altar of Beogh.
 31974 | Orc:2    | Found Pefaol Zeof's Jewellery Shoppe.
 31979 | Orc:2    | Found Utukoy's General Store.
 32137 | Orc:2    | Found a roughly hewn altar of Beogh.
 32180 | Orc:2    | Found a staircase to the Elven Halls.
 32237 | Orc:2    | Found Eficoh's Antique Weapon Shoppe.
 32252 | Orc:2    | Found Zib Baic's Antique Armour Shoppe.
 32416 | Orc:2    | Bought a tin of tremorstones (2/2) for 480 gold pieces
 32418 | Orc:2    | Bought a potion of might for 48 gold pieces
 32418 | Orc:2    | Bought a potion of curing for 36 gold pieces
 32418 | Orc:2    | Bought a scroll of magic mapping for 90 gold pieces
 32638 | D:13     | Reached skill level 1 in Dodging
 33899 | D:13     | Identified the +7 lajatang of Greatest Utility {heavy, rF+
                  | Will+}
 33976 | D:13     | Reached XP level 16. HP: 91/147 MP: 16/16
 34396 | D:13     | Identified the +5 spear of Fucori {flame, Fly Int+3}
 34430 | D:13     | Reached skill level 5 in Dodging
 35588 | D:13     | Noticed Snorg
 35601 | D:13     | Killed Snorg
 35900 | D:14     | Reached **** piety under Ashenzari
 35902 | D:14     | Noticed Frances
 35914 | D:14     | Killed Frances
 36578 | D:14     | Found a white marble altar of Elyvilon.
 36870 | D:14     | Found a gate to the Vaults.
 36973 | D:14     | Noticed Agnes
 36984 | D:14     | Killed Agnes
 37454 | D:15     | Entered Level 15 of the Dungeon
 37908 | D:15     | Found a staircase to the Depths.
 38718 | Swamp:1  | Entered Level 1 of the Swamp
 38740 | Swamp:1  | Reached XP level 17. HP: 94/154 MP: 17/17
 39058 | Swamp:1  | Noticed Aizul
 39070 | Swamp:1  | Killed Aizul
 39071 | Swamp:1  | Reached skill level 15 in Fighting
 41403 | D:10     | Bought 2 scrolls of blinking for 345 gold pieces
 41796 | Swamp:3  | Noticed a tentacled monstrosity
 42047 | Swamp:2  | Killed a tentacled monstrosity
 43021 | Swamp:4  | Entered Level 4 of the Swamp
 43396 | Swamp:4  | Noticed a tentacled monstrosity
 43412 | Swamp:4  | Killed a tentacled monstrosity
 45084 | Swamp:4  | Noticed a tentacled monstrosity
 45102 | Swamp:4  | Killed a tentacled monstrosity
 45125 | Swamp:4  | Reached XP level 18. HP: 123/182 MP: 12/18
 45641 | Swamp:4  | Found a blossoming altar of Fedhas.
 46312 | Swamp:4  | Found a basalt altar of Yredelemnul.
 46331 | Swamp:4  | Got a decaying rune of Zot
 46479 | Spider:1 | Entered Level 1 of the Spider Nest
 46552 | Spider:1 | Reached skill level 15 in Armour
 47416 | Spider:1 | Acquired the +1 pair of gloves of Serendipity {rElec}
 47432 | Spider:1 | Reached ***** piety under Ashenzari
 49845 | Spider:3 | Identified Roxanne's Atlas of Transmigration
 49845 | Spider:3 | Noticed Roxanne
 49870 | Spider:3 | Killed Roxanne
 50489 | Spider:3 | Noticed Arachne
 50497 | Spider:3 | Killed Arachne
 50979 | Spider:4 | Entered Level 4 of the Spider Nest
 52166 | Spider:3 | Reached XP level 19. HP: 139/193 MP: 15/19
 53340 | Spider:4 | Reached skill level 15 in Evocations
 53340 | Spider:4 | Reached XP level 20. HP: 202/202 MP: 20/20
 53344 | Spider:4 | Got a gossamer rune of Zot
 53352 | Spider:4 | Learned a level 2 spell: Lesser Beckoning
 53619 | Elf:1    | Entered Level 1 of the Elven Halls
 53649 | Elf:1    | Reached skill level 1 in Translocations
 54478 | Elf:1    | Found Jaaciuse's Armour Emporium.
 55028 | Elf:2    | Found Azxi's Antique Armour Boutique.
 55045 | Elf:2    | Reached skill level 5 in Translocations
 55147 | Elf:2    | Paralysed by an air elemental for 1 turns
 55715 | Elf:2    | Found a runed translucent gate.
 55715 | Elf:2    | Found a runed translucent gate.
 55715 | Elf:2    | Found a runed translucent gate.
 56253 | Vaults:1 | Entered Level 1 of the Vaults
 56740 | Vaults:1 | Learned a level 4 spell: Passage of Golubria
 56742 | Vaults:1 | Learned a level 1 spell: Apportation
 56787 | Vaults:1 | Learned a level 2 spell: Wereblood
 56800 | Vaults:1 | Reached skill level 1 in Transmutations
 57316 | Vaults:1 | Reached XP level 21. HP: 59/209 MP: 9/21
 58062 | Vaults:1 | Reached skill level 5 in Transmutations
 58939 | Vaults:1 | Reached skill level 1 in Earth Magic
 59506 | Vaults:2 | Noticed Xtahua
 59887 | Vaults:2 | Found Kozi's Antique Armour Boutique.
 60193 | Vaults:2 | Noticed Mara
 60201 | Vaults:2 | Noticed dolemite99's illusion
 60203 | Vaults:2 | Noticed dolemite99's illusion
 60206 | Vaults:2 | Reached skill level 5 in Earth Magic
 60224 | Vaults:2 | Noticed dolemite99's illusion
 60227 | Vaults:2 | Noticed dolemite99's illusion
 60229 | Vaults:2 | Killed Mara
 60410 | Vaults:2 | Paralysed by Xtahua for 2 turns
 60412 | Vaults:2 | Killed Xtahua
 60680 | Vaults:2 | Noticed a bone dragon
 60698 | Vaults:2 | Killed a bone dragon
 60714 | Vaults:2 | Found a staircase to the Crypt.
 61233 | Vaults:2 | Found a large runed translucent door.
 61233 | Vaults:2 | Found a large runed translucent door.
 61233 | Vaults:2 | Found a large runed translucent door.
 61233 | Vaults:2 | Found a large runed translucent door.
 61233 | Vaults:2 | Found a large runed translucent door.
 61233 | Vaults:2 | Found a large runed translucent door.
 61233 | Vaults:2 | Found a large runed translucent door.
 61233 | Vaults:2 | Found a large runed translucent door.
 61233 | Vaults:2 | Identified the +0 pair of gloves of Yginef {Harm rElec rF-
                  | Will+}
 61233 | Vaults:2 | Noticed Inath's ghost (adept OpTm)
 61728 | Vaults:2 | Found a portal to a secret trove of treasure.
 61865 | Vaults:3 | Found Weatum's Weapon Shop.
 62477 | Vaults:3 | Identified the +2 chain mail "Viss" {rN++ Will+ Dex-3 SInv}
 62908 | Vaults:3 | Reached XP level 22. HP: 168/217 MP: 15/22
 63480 | Vaults:3 | Identified the +5 war axe of Param {protect, rF- rC- rN++
                  | Int+2}
 65689 | Vaults:3 | Reached skill level 10 in Transmutations
 65691 | Vaults:3 | Noticed an ancient lich
 65700 | Vaults:3 | Killed an ancient lich
 66286 | Vaults:3 | Acquired a manual of Dodging
 66340 | Vaults:3 | Learned a level 4 spell: Anguish
 66468 | Vaults:3 | Reached skill level 1 in Hexes
 66829 | Vaults:4 | Identified the +8 dagger of Wariness {vamp, +Blink rPois
                  | Dex+3}
 66959 | Vaults:4 | Noticed Jory
 66966 | Vaults:4 | Killed Jory
 66971 | Vaults:4 | Reached skill level 5 in Hexes
 67023 | Vaults:4 | Reached skill level 1 in Necromancy
 67453 | Vaults:4 | Noticed Zenata
 67470 | Vaults:4 | Killed Zenata
 67750 | Vaults:4 | Reached skill level 5 in Necromancy
 67752 | Vaults:4 | Noticed Margery
 67755 | Vaults:4 | HP: 6/208 [Margery/fireball (17)]
 68544 | Vaults:4 | Killed Margery
 69597 | Vaults:4 | Reached XP level 23. HP: 218/224 MP: 20/23
 70049 | Vaults:4 | Noticed Saint Roka
 71219 | Elf:3    | Entered Level 3 of the Elven Halls
 71219 | Elf:3    | Found Ycotuj's Antique Armour Boutique.
 71436 | Elf:3    | Bought a heavily runed hat for 279 gold pieces
 71436 | Elf:3    | Identified the -2 hat of the Earth {rElec rC+ Dex+3} (You
                  | bought it in a shop on level 3 of the Elven Halls)
 71928 | Elf:3    | Identified the +4 flail "Myvvoow" {flame, rCorr Int+4}
 71932 | Elf:3    | Reached skill level 10 in Necromancy
 72906 | Elf:3    | Identified the +8 quarterstaff of Infinite Pain {flame,
                  | Dex+2}
 73181 | Elf:3    | Identified the +8 long sword "Cogos" {heavy, rC+ Str+4}
 73645 | Elf:3    | Identified Sif Muna's Parchment of the Serac and Gases
 74073 | Depths:1 | Entered Level 1 of the Depths
 74104 | D:15     | Reached skill level 1 in Spellcasting
 74926 | Depths:1 | Found a hide-covered altar of Uskayaw.
 75151 | Depths:1 | Found a one-way gate leading to the halls of Pandemonium.
 75603 | Depths:1 | Found a gateway to Hell.
 76695 | Depths:1 | Reached skill level 5 in Spellcasting
 78429 | Depths:2 | Noticed Sojobo
 79048 | Depths:1 | Reached XP level 24. HP: 205/208 MP: 36/36
 79206 | Depths:2 | Paralysed by an air elemental for 1 turns
 79211 | Depths:2 | Killed Sojobo
 79767 | Depths:2 | Reached skill level 10 in Dodging
 79845 | Depths:1 | HP: 13/318 [ettin/+0 great mace (23)]
 80582 | Depths:2 | Noticed the Enchantress
 80601 | Depths:2 | Killed the Enchantress
 80960 | Depths:2 | Identified Urrais's Tome of Conduction
 81118 | Depths:2 | Identified the amulet "Qoumn" {Faith Rampage rPois rF-
                  | Dex+4}
 81139 | Depths:2 | Found a shimmering blue altar of Sif Muna.
 81538 | Depths:2 | Identified the +2 dire flail of Bloodstone {vamp, MP+9}
 81579 | Depths:2 | Noticed an ancient lich
 81581 | Depths:2 | Noticed an ancient lich
 82106 | Depths:2 | Identified Sif Muna's Tractate on Spatial Shapes
 82108 | Depths:2 | Identified Osuck's Verses on Adjuration
 82122 | Depths:2 | Killed an ancient lich
 82141 | Depths:2 | Killed an ancient lich
 82532 | Depths:2 | Identified the Secrets of the Candlemaker
 82536 | Depths:2 | Identified the Tome of the Foul Union
 82796 | Depths:3 | Noticed a caustic shrike
 82805 | Depths:3 | Killed a caustic shrike
 83866 | Depths:3 | Noticed Mennas
 84577 | Lair:4   | Killed Icosk's ghost
 84729 | Lair:1   | Killed mandoloar's ghost
 85497 | Depths:3 | Noticed a caustic shrike
 85497 | Depths:3 | Identified the ring "Rigeb" {Int+6 Dex+10}
 85842 | Depths:1 | Killed a caustic shrike
 87825 | Depths:3 | Identified the +1 helmet of the Heavens {Will+}
 87832 | Depths:3 | Identified the +2 robe of Watchfulness {-Tele rF+ rCorr
                  | Dex+3}
 87832 | Depths:3 | Identified the +0 ring mail of Wippekoa {rF+ Int+2 Dex+3}
 88657 | Depths:3 | Identified the +1 quarterstaff "Nebit" {venom, Str+4}
 88703 | Depths:3 | Killed Mennas
 88994 | Depths:3 | Found a one-way gate to the infinite horrors of the Abyss.
 88994 | Depths:3 | Noticed Louise
 89005 | Depths:3 | Killed Louise
 89053 | Depths:3 | Found Oveub's Gadget Gallery.
 89354 | Orc:2    | Bought the ring "Plog" {rPois Str+5 Stlth-} for 541 gold
                  | pieces
 89559 | Depths:4 | Entered Level 4 of the Depths
 89684 | Depths:4 | Reached skill level 10 in Shields
 89698 | Depths:4 | Noticed a juggernaut
 89712 | Depths:4 | Killed a juggernaut
 89713 | Depths:4 | Reached XP level 25. HP: 51/239 MP: 33/33
 90198 | Depths:4 | Gained mutation: You possess an exceptional clarity of
                  | mind. [a shining eye]
 90200 | Depths:4 | Gained mutation: You have a somewhat thin skeletal
                  | structure. (Dex +2, Stealth+) [a shining eye]
 92323 | Depths:4 | Identified the ring "Lotimmar" {Ice Will+ Dex+3}
 92323 | Depths:4 | Noticed Josephina
 92521 | Depths:4 | Found a one-way gateway to a ziggurat.
 93403 | Depths:4 | Killed Josephina
 93783 | Depths:4 | Found Toridd Loqo's Magic Scroll Boutique.
 93808 | Depths:4 | Bought 3 scrolls of enchant weapon for 405 gold pieces
 93808 | Depths:4 | Bought a scroll of teleportation for 54 gold pieces
 93808 | Depths:4 | Bought a scroll of vulnerability for 72 gold pieces
 93808 | Depths:4 | Bought a scroll of vulnerability for 72 gold pieces
 93956 | Depths:4 | Reached skill level 15 in Shields
 95803 | Depths:4 | Found a gate to the Realm of Zot.
 95882 | Depths:4 | Identified the Guide on Fascination and the Sun
 96523 | Crypt:1  | Entered Level 1 of the Crypt
 98424 | Crypt:1  | Reached XP level 26. HP: 248/248 MP: 33/33
101201 | Crypt:3  | Entered Level 3 of the Crypt
101333 | Crypt:3  | Noticed Boris
101338 | Crypt:3  | Killed Boris
102962 | Crypt:3  | Identified the amulet of Tamuanwo {Reflect rF+ Regen+ SH+5}
103832 | Crypt:3  | Found an ancient bone altar of Kikubaaqudgha.
103855 | Crypt:3  | Noticed a royal mummy
104190 | Crypt:3  | Identified the +6 great mace of Sin {heavy, *Rage rC++
                  | rCorr Int+3}
104211 | Crypt:3  | Killed a royal mummy
104307 | Crypt:3  | Found a basalt altar of Yredelemnul.
104338 | Crypt:3  | Found the +3 hat of Pondering {ponderous, Will+ MP+10
                  | Int+5}
104758 | Crypt:3  | Found a staircase to the Tomb.
105015 | D:11     | Bought a scroll of immolation for 64 gold pieces
105015 | D:11     | Bought a scroll of immolation for 64 gold pieces
105015 | D:11     | Bought a scroll of brand weapon for 152 gold pieces
105327 | Vaults:2 | Bought a pair of embroidered boots for 172 gold pieces
105556 | Slime:1  | Entered Level 1 of the Pits of Slime
105559 | Slime:1  | Gained mutation: You occasionally lose the ability to drink
                  | potions when taking damage. [a shining eye]
105561 | Slime:1  | Gained mutation: You occasionally shout uncontrollably at
                  | your foes. [a shining eye]
106187 | Slime:2  | Gained mutation: You are weak. (Str -2) [a shining eye]
106192 | Slime:2  | Gained mutation: You occasionally lose the ability to read
                  | scrolls when taking damage. [a shining eye]
106194 | Slime:2  | Gained mutation: You sometimes lose the ability to read
                  | scrolls when taking damage. [a shining eye]
106206 | Slime:1  | Lost mutation: You possess an exceptional clarity of mind.
                  | [potion of mutation]
106206 | Slime:1  | Lost mutation: You have a somewhat thin skeletal structure.
                  | (Dex +2, Stealth+) [potion of mutation]
106206 | Slime:1  | Lost mutation: You occasionally shout uncontrollably at
                  | your foes. [potion of mutation]
106206 | Slime:1  | Gained mutation: You are strong-willed. (Will+) [potion of
                  | mutation]
106207 | Slime:1  | Lost mutation: You occasionally lose the ability to drink
                  | potions when taking damage. [potion of mutation]
106207 | Slime:1  | Lost mutation: You sometimes lose the ability to read
                  | scrolls when taking damage. [potion of mutation]
106207 | Slime:1  | Lost mutation: You occasionally lose the ability to read
                  | scrolls when taking damage. [potion of mutation]
106207 | Slime:1  | Gained mutation: Your magical capacity is low. (-10% MP)
                  | [potion of mutation]
106207 | Slime:1  | Gained mutation: You are frail. (-10% HP) [potion of
                  | mutation]
106648 | Slime:2  | Found a viscous altar of Jiyva.
107658 | Slime:4  | Found a viscous altar of Jiyva.
107939 | Slime:5  | Entered Level 5 of the Pits of Slime
108547 | Slime:5  | Noticed the Royal Jelly
108603 | Slime:5  | Killed the Royal Jelly
108848 | Slime:4  | Gained mutation: You are very weak. (Str -4) [a shining
                  | eye]
109055 | Slime:5  | Reached XP level 27. HP: 229/234 MP: 30/30
109180 | Slime:5  | Identified the +1 short sword of the Abyss {flame, Fragile
                  | rElec rF- Int+9}
109180 | Slime:5  | Identified the +1 mace of Muihuadghe {drain, *Slow rElec
                  | Dex+3}
109266 | Slime:5  | Got a slimy rune of Zot
109695 | Slime:3  | Gained mutation: You sometimes lose your temper in combat.
                  | [a shining eye]
109863 | Slime:1  | Gained mutation: You are vulnerable to heat. (rF-) [a
                  | shining eye]
110496 | D:14     | Lost mutation: You sometimes lose your temper in combat.
                  | [potion of mutation]
110496 | D:14     | Lost mutation: You are very weak. (Str -4) [potion of
                  | mutation]
110496 | D:14     | Lost mutation: Your magical capacity is low. (-10% MP)
                  | [potion of mutation]
110496 | D:14     | Lost mutation: You are weak. (Str -2) [potion of mutation]
110497 | D:14     | Lost mutation: You are strong-willed. (Will+) [potion of
                  | mutation]
110497 | D:14     | Lost mutation: You are vulnerable to heat. (rF-) [potion of
                  | mutation]
110497 | D:14     | Lost mutation: You are frail. (-10% HP) [potion of
                  | mutation]
110497 | D:14     | Gained mutation: Your spells are a little harder to cast,
                  | but a little more powerful. [potion of mutation]
110497 | D:14     | Gained mutation: You expend magic power (3 MP) to
                  | strengthen your wands. [potion of mutation]
110497 | D:14     | Gained mutation: Your muscles are strong. (Str +4, Int/Dex
                  | -1) [potion of mutation]
110497 | D:14     | Gained mutation: Your flesh is heat resistant. (rF+)
                  | [potion of mutation]
110642 | Vaults:5 | Entered Level 5 of the Vaults
110646 | Vaults:5 | Noticed a dread lich
110800 | Vaults:5 | Learned a level 4 spell: Dispel Undead
110821 | Vaults:5 | Noticed a dread lich
110835 | Vaults:5 | Killed a dread lich
111431 | Vaults:5 | Identified the +6 demon trident "Elaek" {drain, rF- Will+
                  | MP+9 Int+3}
111769 | Vaults:5 | Learned a level 4 spell: Animate Dead
111773 | Vaults:5 | Found Jaazin's Distillery.
111786 | Vaults:5 | Bought a potion of heal wounds for 85 gold pieces
111786 | Vaults:5 | Bought a potion of heal wounds for 85 gold pieces
111786 | Vaults:5 | Bought a potion of berserk rage for 85 gold pieces
111786 | Vaults:5 | Bought a potion of might for 68 gold pieces
111786 | Vaults:5 | Bought a potion of curing for 51 gold pieces
111786 | Vaults:5 | Bought a potion of attraction for 51 gold pieces
111786 | Vaults:5 | Bought a potion of mutation for 136 gold pieces
111831 | Vaults:5 | Reached skill level 27 in Fighting
111996 | Vaults:5 | Killed a dread lich
112314 | Vaults:5 | Identified the +8 glaive "Ymydapix" {freeze, Fragile rPois
                  | rF+}
112426 | Vaults:5 | Noticed an ancient lich
112448 | Vaults:5 | Killed an ancient lich
112522 | Vaults:5 | Identified the +7 trident "Mywipt" {flame, rElec rC- rCorr}
112843 | Vaults:5 | Identified the +1 chain mail of Levity {-Tele Regen+ Str+7
                  | Slay+2}
112851 | Vaults:5 | Got a silver rune of Zot
113210 | Zot:1    | Entered Level 1 of the Realm of Zot
114375 | Zot:2    | Identified the +5 mace of Vyateasch {protect, rF+ MP+9
                  | Int+3 Dex-3}
116820 | Zot:4    | Noticed Vv
116840 | Zot:4    | Killed Vv
117428 | Zot:4    | Noticed a dread lich
117433 | Zot:4    | Noticed a dread lich
117434 | Zot:4    | Noticed a dread lich
118046 | Zot:4    | Killed a dread lich
118048 | Zot:4    | Killed a dread lich
118055 | Zot:4    | Killed a dread lich
118156 | Zot:4    | Noticed a dread lich
118431 | Zot:4    | Paralysed by a dread lich for 5 turns
118440 | Zot:3    | Killed a dread lich
119216 | Zot:4    | Noticed an orb of fire
119238 | Zot:4    | Gained mutation: You occasionally lose the ability to drink
                  | potions when taking damage. [an orb of fire]
119241 | Zot:4    | Gained mutation: Potions are less effective at restoring
                  | your health. [an orb of fire]
119244 | Zot:4    | Killed an orb of fire
119597 | Zot:4    | Identified the +7 long sword of the Poles {heavy, Will+
                  | Dex+5}
119976 | Zot:4    | Noticed a dread lich
119988 | Zot:4    | Killed a dread lich
120629 | Zig:1    | Entered Level 1 of a ziggurat
120654 | Zig:2    | Entered Level 2 of a ziggurat
120692 | Zig:3    | Entered Level 3 of a ziggurat
120694 | Zig:3    | Found the +10 zealot's sword {holy, Zealotry, *Rage rN+
                  | EV+3}
120830 | Zig:4    | Entered Level 4 of a ziggurat
120831 | Zig:4    | Identified the +4 whip of Johuxehu {freeze, Str+6}
120943 | Zig:5    | Entered Level 5 of a ziggurat
121062 | Zig:6    | Entered Level 6 of a ziggurat
121068 | Zig:6    | Identified the +5 quarterstaff of the Vanishing Nights
                  | {antimagic, rC++}
121069 | Zig:6    | Identified the +9 shortbow "Fish" {drain, Fragile rElec
                  | Str+6 Stlth+}
121235 | Zig:7    | Entered Level 7 of a ziggurat
121244 | Zig:7    | Identified the +7 morningstar of False Hope {antimagic,
                  | Contam rF++ Int+3 Dex+3}
121863 | Zot:5    | Entered Level 5 of the Realm of Zot
121869 | Zot:5    | Found a huge runed gate.
121870 | Zot:5    | Found a huge runed gate.
121870 | Zot:5    | Found a huge runed gate.
121870 | Zot:5    | Found a huge runed gate.
121871 | Zot:5    | Found a huge runed gate.
121871 | Zot:5    | Found a huge runed gate.
121871 | Zot:5    | Found a huge runed gate.
121871 | Zot:5    | Found a huge runed gate.
121871 | Zot:5    | Found a huge runed gate.
121872 | Zot:5    | Found a huge runed gate.
121873 | Zot:5    | Found a huge runed gate.
121874 | Zot:5    | Found a huge runed gate.
121875 | Zot:5    | Found a huge runed gate.
121876 | Zot:5    | Found a huge runed gate.
121914 | Zot:5    | Found a huge runed gate.
121914 | Zot:5    | Found a huge runed gate.
121914 | Zot:5    | Found a huge runed gate.
121914 | Zot:5    | Found a huge runed gate.
121914 | Zot:5    | Found a huge runed gate.
121914 | Zot:5    | Found a huge runed gate.
121917 | Zot:5    | Found a huge runed gate.
121918 | Zot:5    | Found a huge runed gate.
121919 | Zot:5    | Found a huge runed gate.
121980 | Zot:5    | Found a huge runed gate.
121980 | Zot:5    | Found a huge runed gate.
121980 | Zot:5    | Found a huge runed gate.
121980 | Zot:5    | Found a huge runed gate.
121980 | Zot:5    | Found a huge runed gate.
121981 | Zot:5    | Found a huge runed gate.
121982 | Zot:5    | Found a huge runed gate.
122548 | Zot:5    | Found a huge runed gate.
122549 | Zot:5    | Found a huge runed gate.
122549 | Zot:5    | Found a huge runed gate.
122550 | Zot:5    | Found a huge runed gate.
122550 | Zot:5    | Found a huge runed gate.
122713 | Zot:5    | Found a huge runed gate.
123009 | Zot:5    | Noticed a dread lich
123028 | Zot:5    | Killed a dread lich
123470 | Zot:5    | Noticed a dread lich
123787 | Zot:5    | Noticed an orb of fire
123818 | Zot:5    | Gained mutation: Your mind is acute. (Int +4, Str/Dex -1)
                  | [an orb of fire]
123846 | Zot:5    | Gained mutation: Your flesh is cold resistant. (rC+) [an
                  | orb of fire]
123848 | Zot:5    | Killed an orb of fire
124029 | Zot:5    | Noticed an orb of fire
124033 | Zot:5    | Gained mutation: You occasionally shout uncontrollably at
                  | your foes. [an orb of fire]
124044 | Zot:5    | Killed an orb of fire
124299 | Zot:5    | Noticed an orb of fire
124301 | Zot:5    | Noticed an orb of fire
124302 | Zot:5    | Gained mutation: Armour fits poorly on your strangely
                  | shaped body. [an orb of fire]
124306 | Zot:5    | Lost mutation: Your muscles are strong. (Str +4, Int/Dex
                  | -1) [an orb of fire]
124315 | Zot:5    | Killed an orb of fire
124318 | Zot:5    | Gained mutation: You sometimes lose your temper in combat.
                  | [an orb of fire]
124328 | Zot:5    | Killed an orb of fire
124570 | Zot:5    | Noticed an orb of fire
124580 | Zot:5    | Noticed an orb of fire
124581 | Zot:5    | Noticed an orb of fire
124582 | Zot:5    | Noticed an orb of fire
124594 | Zot:5    | Gained mutation: You frequently scream uncontrollably at
                  | your foes. [an orb of fire]
124646 | Zot:5    | Reached skill level 27 in Armour
124747 | Zot:5    | Lost mutation: Your flesh is heat resistant. (rF+) [potion
                  | of mutation]
124747 | Zot:5    | Lost mutation: Armour fits poorly on your strangely shaped
                  | body. [potion of mutation]
124747 | Zot:5    | Lost mutation: Your spells are a little harder to cast, but
                  | a little more powerful. [potion of mutation]
124747 | Zot:5    | Gained mutation: You are occasionally teleported next to
                  | monsters. [potion of mutation]
124747 | Zot:5    | Lost mutation: You expend magic power (3 MP) to strengthen
                  | your wands. [potion of mutation]
124747 | Zot:5    | Gained mutation: You are agile. (Dex +4, Str/Int -1)
                  | [potion of mutation]
124748 | Zot:5    | Lost mutation: You frequently scream uncontrollably at your
                  | foes. [potion of mutation]
124748 | Zot:5    | Lost mutation: Potions are less effective at restoring your
                  | health. [potion of mutation]
124748 | Zot:5    | Lost mutation: You occasionally shout uncontrollably at
                  | your foes. [potion of mutation]
124748 | Zot:5    | Gained mutation: You are resistant to electric shocks.
                  | (rElec) [potion of mutation]
124748 | Zot:5    | Gained mutation: You have a pair of small horns on your
                  | head. [potion of mutation]
124749 | Zot:5    | Lost mutation: Your mind is acute. (Int +4, Str/Dex -1)
                  | [potion of mutation]
124749 | Zot:5    | Lost mutation: You are agile. (Dex +4, Str/Int -1) [potion
                  | of mutation]
124749 | Zot:5    | Gained mutation: Your system is resistant to poisons.
                  | (rPois) [potion of mutation]
124750 | Zot:5    | Lost mutation: You sometimes lose your temper in combat.
                  | [potion of mutation]
124750 | Zot:5    | Lost mutation: You have a pair of small horns on your head.
                  | [potion of mutation]
124750 | Zot:5    | Gained mutation: You have an increased reservoir of magic.
                  | (+10% MP) [potion of mutation]
124750 | Zot:5    | Gained mutation: You sometimes lose your temper in combat.
                  | [potion of mutation]
124750 | Zot:5    | Gained mutation: You passively map a small area around you.
                  | [potion of mutation]
124751 | Zot:5    | Lost mutation: You passively map a small area around you.
                  | [potion of mutation]
124751 | Zot:5    | Lost mutation: Your flesh is cold resistant. (rC+) [potion
                  | of mutation]
124751 | Zot:5    | Lost mutation: You occasionally lose the ability to drink
                  | potions when taking damage. [potion of mutation]
124751 | Zot:5    | Gained mutation: You are strong-willed. (Will+) [potion of
                  | mutation]
124751 | Zot:5    | Gained mutation: You expend magic power (3 MP) to
                  | strengthen your wands. [potion of mutation]
124751 | Zot:5    | Gained mutation: You are somewhat resistant to further
                  | mutation. [potion of mutation]
124752 | Zot:5    | Lost mutation: Your system is resistant to poisons. (rPois)
                  | [potion of mutation]
124752 | Zot:5    | Lost mutation: You are strong-willed. (Will+) [potion of
                  | mutation]
124753 | Zot:5    | Lost mutation: You are occasionally teleported next to
                  | monsters. [potion of mutation]
124753 | Zot:5    | Lost mutation: You are somewhat resistant to further
                  | mutation. [potion of mutation]
124753 | Zot:5    | Gained mutation: Your system is resistant to poisons.
                  | (rPois) [potion of mutation]
124753 | Zot:5    | Gained mutation: You are agile. (Dex +4, Str/Int -1)
                  | [potion of mutation]
124753 | Zot:5    | Gained mutation: Your muscles are strong. (Str +4, Int/Dex
                  | -1) [potion of mutation]
124754 | Zot:5    | Lost mutation: You are resistant to electric shocks.
                  | (rElec) [potion of mutation]
124754 | Zot:5    | Lost mutation: You have an increased reservoir of magic.
                  | (+10% MP) [potion of mutation]
124754 | Zot:5    | Lost mutation: Your system is resistant to poisons. (rPois)
                  | [potion of mutation]
124754 | Zot:5    | Gained mutation: You are dopey. (Int -2) [potion of
                  | mutation]
124754 | Zot:5    | Gained mutation: Your magical capacity is low. (-10% MP)
                  | [potion of mutation]
124754 | Zot:5    | Gained mutation: You are very agile. (Dex +8, Str/Int -2)
                  | [potion of mutation]
124755 | Zot:5    | Lost mutation: You sometimes lose your temper in combat.
                  | [potion of mutation]
124755 | Zot:5    | Lost mutation: You are dopey. (Int -2) [potion of mutation]
124755 | Zot:5    | Lost mutation: Your muscles are strong. (Str +4, Int/Dex
                  | -1) [potion of mutation]
124755 | Zot:5    | Gained mutation: Armour fits poorly on your strangely
                  | shaped body. [potion of mutation]
124789 | Zot:5    | Gained mutation: You are somewhat resistant to further
                  | mutation. [an orb of fire]
124794 | Zot:5    | Gained mutation: You are partially covered in iridescent
                  | scales. (AC +2) [an orb of fire]
124800 | Zot:5    | Killed an orb of fire
124811 | Zot:5    | HP: 13/273 [red draconian/searing blast[a red draconian
                  | scorcher] (1)]
124824 | Zot:5    | Got the Orb of Zot
125058 | Depths:2 | Noticed Icvubo the pandemonium lord
125109 | Depths:1 | Killed Icvubo the pandemonium lord
125156 | Depths:2 | Noticed Efrattua the pandemonium lord
125541 | D:$      | Escaped with the Orb!

Illustrated notes

Levels and vault maps discovered:
D:1:      dpeg_arrival_arbitrary_a, layout_basic, minmay_statues_item,
          minmay_tetromino_l4
D:2:      layout_basic, basic_altar
D:3:      layout_basic, serial_shops, nicolae_shop_hallway_stairs
D:4:      layout_loops_ring, amethyst_overflow_temple_binary,
          nicolae_overflow_crystal_walls, chequers_serial_rivers_marsh,
          nicolae_eternal_life
D:5:      layout_gridville, led_xom_imps, kennysheep_generic_room_9
D:6:      layout_gridville, nicolae_vehumet_radiance,
          minmay_temple_entry_large_hall, portal_sewer_entry_a
D:7:      layout_basic, amcnicky_altar_gilded, enter_bailey_4
D:8:      layout_basic, ebering_ghost_inner_flame, uniq_amaemon
D:9:      layout_loops_corners, lemuel_round_altar, lemuel_doored_altar,
          serial_shops, nicolae_lakefront_shop, shop,
          minmay_guarded_unrand_finisher
D:10:     layout_long_grid, nicolae_yredelemnul_corpse_copse, lair_entry_dummy,
          serial_shops, nicolae_shop_statue_plus, minmay_beelzebubs_servants
D:11:     layout_loops_corners, serial_shops, nicolae_take_the_stairs,
          minmay_fractal_squares_gapless_5, uniq_psyche
D:12:     layout_roguey, hiddenorc2_lemuel, uniq_nessos
D:13:     layout_roguey, nicolae_rejected_hall, uniq_snorg
D:14:     layout_basic, ximxim_vaults_locker_room,
          nicolae_elyvilon_peaceful_grove, einodemon_crawler_minivault,
          uniq_frances, uniq_agnes
D:15:     grunt_enter_depths_snipers, layout_loops_ring,
          chequers_serial_rivers_micro_d
Temple:   nicolae_temple_figure_eight
Lair:1:   layout_regular_city, gammafunk_ghost_split,
          nicolae_lair_lakeside_cave, serial_bayou_shore_a,
          serial_bayou_shore_b, uniq_sonja, uniq_harold, uniq_grum
Lair:2:   gammafunk_lair_enchanted_lake, layout_regular_city,
          spider_nest_entry_web_field, portal_ice_cave_entry_pillars_2
Lair:3:   lemuel_reptile_caves, layout_chaotic_city, palyth_hydra_swamp_entry,
          serial_bayou_ford_a
Lair:4:   layout_misc_corridors, gammafunk_ghost_hive, basic_altar,
          serial_bayou_crossing
Lair:5:   hangedman_lair_caniforms_friends, layout_gridlike, slime_entry_1,
          gauntlet_entry_generic
Swamp:1:  layout_basic_swamp, serial_swamp_ruin, hangedman_swamp_ruin_wall,
          evilmike_swamp_ruin_wall, uniq_aizul
Swamp:2:  layout_basic_swamp, evilmike_swamp_ruin_house_2
Swamp:3:  layout_falls_marsh, nicolae_swamp_fairy_circle
Swamp:4:  byrel_swamp_growth_death_and_undeath, layout_basic_swamp
Spider:1: layout_spider_delve
Spider:2: layout_cave_pods, hangedman_spider_tarantella_strand
Spider:3: layout_spider_delve, uniq_roxanne, uniq_arachne
Spider:4: grunt_spider_rune_island
Slime:1:  layout_caves
Slime:2:  layout_caves, basic_altar
Slime:3:  layout_caves
Slime:4:  layout_caves, basic_altar
Slime:5
Orc:1:    layout_diamond_mine, minmay_orc_barracks
Orc:2:    grunt_orc_cross, layout_diamond_mine, minmay_orc_temple_a, uniq_urug,
          uniq_donald
Elf:1:    layout_gridlike, serial_shops, shop, minivault_28,
          roderic_lattice_octagonal_star
Elf:2:    nicolae_elf_blades_splatter_lattice [nicolae_blade_little_rooms],
          layout_rooms, serial_shops, nicolae_shop_waterfront
Elf:3:    elf_hall, layout_loops_cross, serial_shops, nicolae_shop_statue_plus,
          minmay_crystal_room
Vaults:1: nicolae_vaults_what_the_h, vaults_dpeg_cross, grunt_vaults_swirl,
          nicolae_vaults_network_s, nicolae_vaults_murderbox,
          vaults_dpeg_encased_lava, vaults_mumra_minichess,
          nicolae_vaults_ninety_degrees, grunt_vaults_funnel,
          grunt_vaults_hallway_short, layout_vaults_quadrants
Vaults:2: advil_vaults_ghost_lines, v_alt_pattern_1, nicolae_vaults_arrows,
          nicolae_vaults_back_hallway, ontoclasm_vaults_bender,
          nicolae_vaults_little_ls, ontoclasm_vaults_ring_square, v_misc_25,
          minmay_crypt_entry_nasty_monster, v_misc_12, layout_vaults_big_room,
          serial_shops, nicolae_shop_waterfront, enter_trove_6, uniq_xtahua,
          uniq_mara
Vaults:3: vaults_dpeg_diagonal, st_greater_box_3, hangedman_vaults_locks,
          vaults_mumra_minichess_inversion, nicolae_vaults_big_ls,
          nicolae_vaults_alarming, vaults_room_fours,
          nicolae_vaults_circle_grid_b, vaults_standard_mumra_enter_the_diamond,
          nicolae_vaults_little_squares_2, hangedman_vaults_impose,
          nicolae_vaults_asterisk, nicolae_vaults_asterisk,
          grunt_vaults_hallway_short, layout_vaults_big_cross, serial_shops,
          nicolae_shop_bloodbath_and_beyond
Vaults:4: nicolae_vaults_minivaults, dpeg_vaults_monster_row,
          vaults_mumra_chevron, ontoclasm_vaults_decontamination,
          nicolae_vaults_network_periphery, v_misc_27, v_misc_9,
          nicolae_vaults_network_barrier, v_misc_32, ontoclasm_vaults_hangar,
          layout_vaults_omnibox, serial_shops, uniq_jory, uniq_zenata,
          uniq_margery, uniq_saint_roka
Vaults:5: serial_shops
Crypt:1:  layout_gridlike, grunt_crypt_arrival_guarded_gate, grunt_megastairs_4
Crypt:2:  layout_misc_corridors, nicolae_fountain_basement
Crypt:3:  lightli_unholy_cathedral, layout_chaotic_city,
          tomb_entry_shell_bobbens, uniq_boris
Depths:1: layout_gridlike, pf_hell_entry_tar_river, pan_entry,
          kennysheep_flooded_box, grunt_ministairs_15,
          nicolae_uskayaw_murder_on_the_dancefloor
Depths:2: evilmike_library_of_no_secrets, layout_gridlike, hellmouth_1,
          pan_entry, nrook_campfire, kennysheep_generic_room_8,
          minmay_staircase_windowed_large, uniq_sojobo, uniq_enchantress
Depths:3: minmay_the_grid_square_5x5_5x5
          [minmay_the_grid_square_5x5_two_walls_b,
          minmay_the_grid_square_5x5_lines,
          minmay_the_grid_square_5x5_three_walls,
          minmay_the_grid_square_5x5_detours,
          minmay_the_grid_square_5x5_gyroscope,
          minmay_the_grid_square_5x5_eight_small,
          minmay_the_grid_square_5x5_prize_monsterx,
          minmay_the_grid_square_5x5_broken_cross,
          minmay_the_grid_square_5x5_prize_deathbox,
          minmay_the_grid_square_5x5_eight, minmay_the_grid_square_5x5_spiral,
          minmay_the_grid_square_5x5_mess,
          minmay_the_grid_square_5x5_prize_rear_guard,
          minmay_the_grid_square_5x5_minibox,
          minmay_the_grid_square_5x5_one_wall,
          minmay_the_grid_square_5x5_minivault,
          minmay_the_grid_square_5x5_prize_open,
          minmay_the_grid_square_5x5_n_small,
          minmay_the_grid_square_5x5_prize_snowflake,
          minmay_the_grid_square_5x5_tri_point,
          minmay_the_grid_square_5x5_beaten_path,
          minmay_the_grid_square_5x5_fancy_junction,
          minmay_the_grid_square_5x5_bridge,
          minmay_the_grid_square_5x5_two_walls_a,
          minmay_the_grid_square_5x5_bite], layout_cave_pools,
          hangedman_geh_valley, nicolae_abyss_entry_one_way_or_another,
          nicolae_shop_gadgets, uniq_mennas
Depths:4: lemuel_castle_with_subvaults [lemuel_castle_interior_original],
          layout_twisted_cross, enter_ziggurat_b, columned_hall_lemuel,
          nicolae_hell_entry_hellmouth_sunbeams, abyss_entry, serial_shops,
          nicolae_square_shop, pan_entry, uniq_josephina
Zot:1:    layout_twisted_circle
Zot:2:    layout_gridville
Zot:3:    layout_gridlike
Zot:4:    hellmonk_paralyzer, layout_twisted_circle, uniq_grunn, uniq_vv
Zot:5:    layout_misc_corridors, st_stairs_1, door_vault

Skill      XL: |  1  2  3  4  5  6  7  8  9 10 11 12 13 14 15 16 17 18 19 20 21 22 23 24 25 26 27 |
---------------+----------------------------------------------------------------------------------+-----
Axes           | 3 4 5 6 8 9 11 14 17 18 | 18.3
Fighting       | 7 10 14 19 20 22 24 27 | 27.0
Armour         | 6 7 13 14 16 27 | 27.0
Shields        | 4 6 9 10 17 21 | 21.0
Evocations     | 6 9 11 13 15 16 | 16.0
Throwing       | 5 8 9 |  9.8
Dodging        | 3 9 14 | 14.4
Translocations | 8 |  8.4
Transmutations | 3 8 10 | 10.5
Earth Magic    | 8 |  8.8
Hexes          | 5 |  5.3
Necromancy     | 7 12 | 12.3
Spellcasting   | 7 9 |  9.1

Action                     |  1- 3 |  4- 6 |  7- 9 | 10-12 | 13-15 | 16-18 | 19-21 | 22-24 | 25-27 || total
---------------------------+-------+-------+-------+-------+-------+-------+-------+-------+-------++-------
  Melee: War axe           |    79 |   157 |       |       |       |       |       |       |       ||   236
         Broad axe         |       |    29 |   279 |   402 |  1152 |  1072 |   762 |  1493 |  2183 ||  7372
         Morningstar       |       |       |       |     7 |    22 |       |       |       |       ||    29
         Demon trident     |       |       |       |       |     9 |   117 |       |       |       ||   126
         Sacred scourge    |       |       |       |       |       |       |       |       |   974 ||   974
  Throw: Boomerang         |       |       |    12 |    53 |    22 |    84 |       |       |    16 ||   187
         Dart              |       |       |       |    20 |   193 |    54 |    37 |    24 |       ||   328
         Javelin           |       |       |       |       |     2 |    23 |     6 |     6 |     3 ||    40
         Throwing net      |       |       |       |       |     1 |       |     3 |     1 |       ||     5
   Cast: Wereblood         |       |       |       |       |       |       |    11 |     9 |     4 ||    24
         Blink             |       |       |       |       |       |       |     1 |     5 |    18 ||    24
         Apportation       |       |       |       |       |       |       |     1 |       |     1 ||     2
         Passage of Golubr |       |       |       |       |       |       |       |     1 |     1 ||     2
         Passwall          |       |       |       |       |       |       |       |       |    12 ||    12
         Animate Dead      |       |       |       |       |       |       |       |       |    19 ||    19
 Invoke: Curse Item        |       |       |     2 |     2 |     3 |     3 |       |     1 |     4 ||    15
         Shatter the Chain |       |       |       |       |     2 |       |       |     3 |     2 ||     7
  Evoke: Wand              |       |       |       |    32 |    30 |    59 |    16 |    30 |    32 ||   199
         Phial of floods   |       |       |       |     1 |     4 |     3 |     1 |     9 |    16 ||    34
         Phantom mirror    |       |       |       |       |     5 |     5 |     2 |    11 |    16 ||    39
         Tin of tremorston |       |       |       |       |       |    12 |     8 |    20 |    19 ||    59
         Box of beasts     |       |       |       |       |       |     4 |     1 |     8 |    13 ||    26
         Condenser vane    |       |       |       |       |       |     4 |     8 |    15 |    16 ||    43
         Lightning rod     |       |       |       |       |       |       |       |    23 |    20 ||    43
    Use: Scroll            |       |    14 |     8 |     6 |     8 |     9 |     4 |    26 |    40 ||   115
         Potion            |       |       |       |     8 |    11 |     2 |     7 |    22 |    42 ||    92
   Stab: Invisible         |       |       |       |     2 |       |       |       |       |     2 ||     4
         Distracted        |       |       |       |       |       |     1 |     1 |     4 |    14 ||    20
         Paralysed         |       |       |       |       |       |       |       |     2 |       ||     2
         Held in net/web   |       |       |       |       |       |       |       |     1 |       ||     1
 Armour: Chain mail        |    46 |    74 |    92 |       |       |       |       |       |       ||   212
         Scale mail        |     4 |       |       |       |       |       |       |       |       ||     4
         Plate armour      |       |       |    69 |   256 |   668 |   685 |   423 |   703 |    76 ||  2880
         Gold dragon scale |       |       |       |       |       |       |       |       |   856 ||   856
  Dodge: Dodged            |    25 |   126 |   245 |   288 |   573 |   776 |   499 |   699 |   960 ||  4191
  Block: Buckler           |    20 |    58 |    88 |   125 |   135 |       |       |       |       ||   426
         Kite shield       |       |       |       |       |   329 |   785 |   456 |   892 |       ||  2462
         Tower shield      |       |       |       |       |       |       |       |    40 |  3372 ||  3412
         Reflection        |       |       |       |       |       |       |       |     7 |    81 ||    88

Table legend: (Time is in decaauts)
 A = Elapsed time spent in this place.
 B = Non-inter-level travel time spent in this place.
 C = Inter-level travel time spent in this place.
 D = Time resting spent in this place.
 E = Time spent auto-exploring this place.
 F = Levels seen in this place.
 G = Mean time per level.
                   A        B        C        D        E       F      G
               +--------+--------+--------+--------+--------+-----+--------+
         Total | 125276 | 114737 |  10539 |  58110 |  32247 |  65 | 1927.3 |
       Dungeon |  27659 |  23306 |   4353 |   9838 |   9035 |  15 | 1843.9 |
        Temple |    187 |    141 |     46 |      0 |    136 |   1 |  187.0 |
          Lair |   9740 |   8350 |   1390 |   2434 |   3728 |   5 | 1948.0 |
         Swamp |   7791 |   7451 |    340 |   4463 |   1499 |   4 | 1947.8 |
   Spider Nest |   6863 |   6367 |    496 |   2907 |   2185 |   4 | 1715.8 |
    Slime Pits |   4304 |   4236 |     68 |   2620 |    650 |   5 |  860.8 |
  Orcish Mines |   3175 |   2661 |    514 |   1212 |    921 |   2 | 1587.5 |
   Elven Halls |   5098 |   4829 |    269 |   1948 |   1569 |   3 | 1699.3 |
        Vaults |  17364 |  16179 |   1185 |   7833 |   4772 |   5 | 3472.8 |
         Crypt |   8087 |   7782 |    305 |   4507 |   1535 |   3 | 2695.7 |
        Depths |  21081 |  19893 |   1188 |  13434 |   3127 |   4 | 5270.2 |
           Zot |  10691 |  10312 |    379 |   4924 |   2777 |   5 | 2138.2 |
      Ziggurat |    611 |    611 |      0 |    322 |      0 |   7 |   87.3 |
         Sewer |    844 |    844 |      0 |    556 |     59 |   1 |  844.0 |
      Ice Cave |   1774 |   1774 |      0 |   1107 |    251 |   1 | 1774.0 |
               +--------+--------+--------+--------+--------+-----+--------+

Top non-repeatable levels by time:
Depths:2: 7676 daAuts
Depths:4: 4634 daAuts
Depths:3: 4406 daAuts
Vaults:3: 4403 daAuts
Depths:1: 4364 daAuts
Vaults:2: 3916 daAuts
Vaults:1: 3652 daAuts
 Crypt:1: 3459 daAuts
    D:13: 3454 daAuts
Vaults:4: 3069 daAuts
    D:10: 2994 daAuts
   Zot:5: 2981 daAuts
 Crypt:3: 2903 daAuts
Spider:3: 2784 daAuts
   Zot:4: 2610 daAuts
